 Dungeon Crawl Stone Soup version 0.23.2-40-g277498a001 (webtiles) character file.

Game seed: 11464719727737713013

718 Glamhuggeren the Cudgeler (level 7, -2/59 HPs)
             Began as a Minotaur Fighter on Oct 10, 2019.
             Slain by a troll (7 damage)
             ... on level 4 of the Dungeon.
             The game lasted 00:13:45 (3523 turns).

Glamhuggeren the Cudgeler (Minotaur Fighter)        Turns: 3523, Time: 00:13:45

Health: -2/59      AC:  8    Str: 22    XL:     7   Next: 42%
Magic:  6/6        EV:  9    Int:  5    God:
Gold:   243        SH:  0    Dex: 10    Spells: 6/6 levels left

rFire    x . .     SeeInvis .   r - +4 quarterstaff (chaos)
rCold    + . .     Gourm    .   (shield currently unavailable)
rNeg     . . .     Faith    .   b - +0 scale mail
rPois    .         Spirit   .   (helmet restricted)
rElec    .         Reflect  .   s - +0 cloak
rCorr    .         Harm     .   (no gloves)
MR       .....                  (no boots)
Stlth    ..........             (no amulet)
HPRegen  0.19/turn              k - ring of ice
MPRegen  0.10/turn              (no ring)

@: hasted, very quick
A: retaliatory headbutt, horns 2
a: no special abilities


You were on level 4 of the Dungeon.
You were not hungry.

You visited 1 branch of the dungeon, and saw 4 of its levels.

You collected 243 gold pieces.

Inventory:

Hand Weapons
 a - a +0 flail
 d - a +2 mace of protection
 e - a +0 mace of crushing
 r - a +4 quarterstaff of chaos (weapon)
Missiles
 h - 197 stones (quivered)
 n - 9 tomahawks
 p - 17 sling bullets
Armour
 b - a +0 scale mail (worn)
 c - a +0 shield
 s - a +0 cloak (worn)
Jewellery
 k - a ring of ice (left hand)
Wands
 v - a wand of paralysis (10)
 x - a wand of polymorph (9)
Scrolls
 g - 3 scrolls of identify
 j - 4 scrolls of remove curse
 l - 2 scrolls of magic mapping {unknown}
 m - a scroll of enchant armour {unknown}
 t - 2 scrolls of amnesia {unknown}
 w - a scroll of random uselessness {unknown}
Potions
 i - a potion of degeneration {unknown}
 o - a potion of lignification {unknown}
 q - 2 potions of brilliance {unknown}
 u - a potion of curing {unknown}
 z - a potion of flight {unknown}
 A - a potion of haste
 B - 2 potions of mutation {unknown}
 D - a potion of heal wounds {unknown}
Comestibles
 f - 6 rations


   Skills:
 - Level 4.0 Fighting
 * Level 7.6(7.7) Maces & Flails
 + Level 1.7(5.1) Staves
 - Level 5.0 Armour
 + Level 6.2 Shields


You had 6 spell levels left.
You didn't know any spells.
Your spell library was empty.

Dungeon Overview and Level Annotations

Branches:
Dungeon (4/15)
 Temple: D:4-7

Altars:
Ashenzari
Elyvilon
Gozag
Hepliaklqana
Nemelex Xobeh
Ru

Annotations:
D:4 1 runed translucent door


Innate Abilities, Weirdness & Mutations

You reflexively headbutt those who attack you in melee.
You have a pair of horns on your head.


Message History

The troll is heavily wounded.
The troll barely misses you. x2; The troll claws you.
You barely miss the troll.
The troll is heavily wounded.
The troll is no longer moving slowly.
You hit the troll but do no damage.
The troll is heavily wounded.
The troll bites you. The troll claws you.
* * * LOW HITPOINT WARNING * * *
The troll closely misses you.
You closely miss the troll. You headbutt the troll!
The troll is severely wounded.
The troll bites you.
* * * LOW HITPOINT WARNING * * *
The troll claws you.
* * * LOW HITPOINT WARNING * * *
The troll claws you!
* * * LOW HITPOINT WARNING * * *
It was a potion of haste.
You feel yourself speed up. The troll bites you!
You die...

...........###............##..#
.......##### ####..###.......##
.......# #..# #####...#
..###..# #..# ###.# ### ##..
#..# #..# ##.. ##.## ##.### ...
#..# ######...
#..######..#######......#
......T@..............#
.................###..#
..............#### ##.#
(......#....### #.##
.......#.....### #.## ##
.#.............## #... .....
####...........## #..# .....
#.............###.## >....#
##...............#.#


You could see a troll.

Vanquished Creatures
  Grinder (D:3)
  2 hounds
  A jelly (D:2)
  3 orc wizards (D:3)
  Crazy Yiuf (D:3)
  3 orc priests (D:3)
  Ijyb (D:3)
  A worker ant (D:3)
  A howler monkey skeleton (D:4)
  5 adders
  4 oozes
  2 worms (D:2)
  A leopard gecko (D:2)
  13 orcs
  4 giant cockroaches
  11 goblins
  6 hobgoblins
  2 quokkas (D:4)
  2 ball pythons
  7 bats
  4 frilled lizards
  11 kobolds
  6 rats
92 creatures vanquished.

Vanquished Creatures (others)
  An orc wizard (D:3)
1 creature vanquished.

Grand Total: 93 creatures vanquished

Notes
Turn   | Place    | Note
-------+----------+-------------------------------------------
     0 | D:1      | Glamhuggeren the Minotaur Fighter began the quest for the
                  | Orb.
     0 | D:1      | Reached XP level 1. HP: 19/19 MP: 0/0
   103 | D:1      | Reached XP level 2. HP: 19/27 MP: 1/1
   271 | D:1      | Reached skill level 3 in Maces & Flails
   386 | D:2      | Found a hazy altar of Hepliaklqana.
   428 | D:2      | Reached XP level 3. HP: 29/33 MP: 2/2
   539 | D:2      | Found a sacrificial altar of Ru.
   555 | D:2      | Reached skill level 4 in Maces & Flails
   555 | D:2      | Reached XP level 4. HP: 38/40 MP: 3/3
   716 | D:2      | Found an opulent altar of Gozag.
   929 | D:2      | You fall through a shaft!
   953 | D:3      | Reached XP level 5. HP: 46/46 MP: 4/4
  1025 | D:3      | Reached skill level 5 in Maces & Flails
  1040 | D:3      | Reached skill level 5 in Shields
  1044 | D:3      | Reached skill level 5 in Armour
  1044 | D:3      | Reached XP level 6. HP: 20/52 MP: 5/5
  1430 | D:3      | Noticed Grinder
  1439 | D:3      | Killed Grinder
  1439 | D:3      | Reached skill level 6 in Maces & Flails
  1640 | D:3      | Found a runed translucent door.
  1641 | D:3      | Noticed Crazy Yiuf
  1646 | D:3      | Killed Crazy Yiuf
  1843 | D:3      | Reached XP level 7. HP: 58/59 MP: 6/6
  2063 | D:3      | Noticed Ijyb
  2066 | D:3      | Killed Ijyb
  2066 | D:3      | Reached skill level 7 in Maces & Flails
  2395 | D:4      | Found a runed translucent door.
  2395 | D:4      | Found a white marble altar of Elyvilon.
  2395 | D:4      | Noticed an angel
  2515 | D:4      | Noticed a troll
  2703 | D:2      | Reached skill level 1 in Staves
  2735 | D:2      | Found a sparkling altar of Nemelex Xobeh.
  2743 | D:2      | Found a white marble altar of Elyvilon.
  2743 | D:2      | Found a shattered altar of Ashenzari.
  3523 | D:4      | Slain by a troll

Skill      XL: |  1  2  3  4  5  6  7 |
---------------+----------------------+-----
Maces & Flails | 3 4 5 6 7 |  7.6
Fighting       | 4 |  4.0
Armour         | 4 5 |  5.0
Shields        | 4 5 6 |  6.2
Staves         | 1 |  1.7

Action                   |  1- 3 |  4- 6 |  7- 9 || total
-------------------------+-------+-------+-------++-------
Melee: Mace              |    80 |    95 |       ||   175
       Headbutt          |    15 |    20 |     9 ||    44
       Quarterstaff      |       |     7 |    50 ||    57
Throw: Throwing net      |       |       |     1 ||     1
  Use: Potion            |       |     1 |     1 ||     2
       Scroll            |       |       |     2 ||     2
  Eat: Chunk             |       |     3 |     6 ||     9
Armor: Scale mail        |    43 |    29 |    17 ||    89
Dodge: Dodged            |    17 |    24 |    21 ||    62
Block: Shield            |    45 |    61 |       ||   106
